 Dungeon Crawl Stone Soup version 0.27-a0-1559-g299f9947c5 (webtiles) character file.

Game seed: 15841869618061017157

107 Conn the Firebug (level 4, -1/27 HPs)
             Began as an Octopode Fire Elementalist on July 16, 2021.
             Succumbed to a scorpion's poison
             ... on level 4 of the Dungeon.
             The game lasted 00:02:28 (2773 turns).

Conn the Firebug (Octopode Fire Elementalist)       Turns: 2773, Time: 00:02:29

Health: -1/27      AC:  1    Str:  7    XL:     4   Next: 86%
Magic:  1/8        EV: 13    Int: 18    God:
Gold:   120        SH:  0    Dex: 12    Spells: 2/9 levels left

rFire    . . .     SeeInvis .   a - +0 dagger
rCold    . . .     Faith    .   (no shield)
rNeg     . . .     Spirit   .   (helmet restricted)
rPois    .         Reflect  .   (no amulet)
rElec    .         Harm     .   (no ring)
rCorr    .         Rampage  .   (no ring)
Will     .....                  (no ring)
Stlth    +++.......             (no ring)
HPRegen  0.09/turn              (no ring)
MPRegen  0.11/turn              (no ring)
                                (no ring)
                                (no ring)

@: lethally poisoned (-1 -> -19)
A: almost no armour, amphibious, 8 rings, camouflage 1, gelatinous body 1,
(nimble swimmer 1), tentacles
a: no special abilities


You were on level 4 of the Dungeon.
You visited 1 branch of the dungeon, and saw 4 of its levels.

You collected 120 gold pieces.

Inventory:

Hand Weapons
 a - a +0 dagger (weapon)
Jewellery
 j - a ring of ice
Scrolls
 b - a scroll of magic mapping {unknown}
 c - 2 scrolls of identify {unknown}
 e - a scroll of summoning {unknown}
 g - a scroll of brand weapon {unknown}
 i - a scroll of blinking {unknown}
Potions
 d - a potion of mutation {unknown}
 f - a potion of curing {unknown}
 h - a potion of might {unknown}
 k - a potion of attraction {unknown}


   Skills:
 + Level 0.1 Short Blades
 + Level 2.0 Dodging
 + Level 3.1 Stealth
 + Level 3.1 Spellcasting
 + Level 2.1 Conjurations
 + Level 4.0 Fire Magic


You had 2 spell levels left.
You knew the following spells:

 Your Spells              Type           Power      Damage    Failure   Level
a - Foxfire               Conj/Fire      52%        2x1d6     4%          1
b - Conjure Flame         Conj/Fire      13%        6-21      14%         3
c - Inner Flame           Hex/Fire       10%        N/A       22%         3

Your spell library contained the following spells:

 Spells                   Type           Power      Damage    Failure   Level
 Sticky Flame             Conj/Fire      13%        2d4       41%         4
 Fireball                 Conj/Fire      6%         3d5       77%         5


Dungeon Overview and Level Annotations

Branches:
Dungeon (4/15)
 Temple: D:4-7

Altars:
Ru
Sif Muna

Shops:
D:4 [


Innate Abilities, Weirdness & Mutations

You cannot wear most types of armour.
You are amphibious.
You can wear up to eight rings at the same time.
Your skin changes colour to match your surroundings (Stealth+).
Your rubbery body absorbs attacks. (AC +1, EV +1)
((You are camouflaged near water. (Stealth+)))
You have tentacles for arms and can constrict up to eight enemies at once.


Message History

You conjure some foxfire!
The foxfire hits the scorpion but does no damage.
The scorpion is lightly wounded.
The foxfire hits the scorpion but does no damage.
The scorpion is lightly wounded.
The foxfire hits the scorpion.
The scorpion is lightly wounded.
Casting: Foxfire (safe; 4% risk of failure)
Confirm with . or Enter, or press ? or * to list all spells.
You conjure some foxfire!
The foxfire hits the scorpion.
The scorpion is heavily wounded.
The foxfire hits the scorpion.
The scorpion is heavily wounded.
The scorpion stings you.
You hit the scorpion. You grab the scorpion.
The scorpion is heavily wounded.
You constrict the scorpion. The scorpion stings you.
Casting: Foxfire (safe; 4% risk of failure)
Confirm with . or Enter, or press ? or * to list all spells.
You conjure some foxfire!
You constrict the scorpion.
The scorpion stings you but does no damage.
You constrict the scorpion.
The foxfire hits the scorpion but does no damage.
The scorpion is almost dead.
The foxfire hits the scorpion but does no damage.
The scorpion is almost dead.
The scorpion stings you.
You are poisoned.
The scorpion poisons you! The scorpion stings you.
Casting: Foxfire (safe; 4% risk of failure)
Confirm with . or Enter, or press ? or * to list all spells.
You conjure some foxfire!
You constrict the scorpion.
You feel sick. The scorpion stings you.
* * * LOW HITPOINT WARNING * * *
You are more poisoned.
The scorpion poisons you!
You constrict the scorpion.
You kill the scorpion!
You die...

................ ##
#.≈.######.########
...#.≈.# #.# #
h.#.§.######.########
...≈.........)....##
.#####.§..............##
.†....§§§...............
≈≈≈≈§§§v................
(.)...§@................
.......v......(....>....
.....§§.................
......................##
...)....................
........................
........................
........................
....................


There were no monsters in sight!

Vanquished Creatures
  A scorpion (D:4)
  5 adders (D:2)
  An adder skeleton (D:4)
  4 worms (D:2)
  A dart slug (D:1)
  3 orcs
  3 endoplasms (D:2)
  A giant cockroach (D:1)
  7 goblins
  3 hobgoblins
  2 kobolds
  2 quokkas (D:1)
  5 ball pythons
  A bat (D:1)
  2 frilled lizards
  3 rats
44 creatures vanquished.

Vanquished Creatures (others)
  179 foxfires
179 creatures vanquished.

Grand Total: 223 creatures vanquished

Notes
Turn   | Place    | Note
-------+----------+-------------------------------------------
     0 | D:1      | Conn the Octopode Fire Elementalist began the quest for the
                  | Orb.
     0 | D:1      | Reached XP level 1. HP: 11/11 MP: 3/3
   203 | D:1      | Reached XP level 2. HP: 17/17 MP: 1/5
   985 | D:1      | Found a faded altar of an unknown god.
  1326 | D:2      | Reached XP level 3. HP: 21/21 MP: 0/6
  1330 | D:2      | Learned a level 3 spell: Conjure Flame
  1658 | D:2      | Reached XP level 4. HP: 17/27 MP: 5/8
  1914 | D:2      | Reached skill level 4 in Fire Magic
  2237 | D:3      | Found a sacrificial altar of Ru.
  2625 | D:4      | Learned a level 3 spell: Inner Flame
  2671 | D:4      | Found Wyinixush's Armour Emporium.
  2753 | D:4      | Found a shimmering blue altar of Sif Muna.
  2761 | D:4      | Noticed a scorpion
  2773 | D:4      | Killed a scorpion
  2773 | D:4      | Succumbed to a scorpion's poison

Illustrated notes

Levels and vault maps discovered:
D:1:      onia_arrival_mini_maze_b, layout_loops_ring,
          dreamdust_ecumenical_altar_hidden_monk_grotto
D:2:      layout_rooms
D:3:      minmay_goblin_kobold_castle, layout_basic,
          nicolae_ru_sacrificial_ziggurat,
          mainiacjoe_overflow_concentric_impassable, serial_shops, shop,
          uniq_terence, uniq_grinder
D:4:      minmay_evil_eye, layout_basic, fedhas_altar_3,
          mainiacjoe_overflow_brackets, serial_shops, shop

Skill      XL: |  1  2  3  4 |
---------------+-------------+-----
Stealth        | 3 |  3.1
Fire Magic     | 4 |  4.0
Spellcasting   | 3 |  3.1
Conjurations   | 2 |  2.1
Short Blades   | |  0.1
Dodging        | |  2.0

Action                   |  1- 3 |  4- 6 || total
-------------------------+-------+-------++-------
Melee: Dagger            |    17 |     8 ||    25
       Tentacles         |     4 |     1 ||     5
       Constrict         |     3 |     3 ||     6
 Cast: Foxfire           |    56 |    42 ||    98
 Stab: Sleeping          |     4 |     1 ||     5
Armor: Skin              |     2 |     4 ||     6
Dodge: Dodged            |    10 |    11 ||    21

Table legend: (Time is in decaauts)
 A = Elapsed time spent in this place.
 B = Non-inter-level travel time spent in this place.
 C = Inter-level travel time spent in this place.
 D = Time resting spent in this place.
 E = Time spent auto-exploring this place.
 F = Levels seen in this place.
 G = Mean time per level.
                   A        B        C        D        E       F      G
               +--------+--------+--------+--------+--------+-----+--------+
         Total |   2771 |   2704 |     67 |    227 |   2033 |   4 |  692.8 |
       Dungeon |   2771 |   2704 |     67 |    227 |   2033 |   4 |  692.8 |
               +--------+--------+--------+--------+--------+-----+--------+

Top non-repeatable levels by time:
     D:1: 1213 daAuts
     D:2: 993 daAuts
     D:4: 384 daAuts
     D:3: 179 daAuts
